 Dungeon Crawl Stone Soup version 0.25.1-8-g42b30a86e7 (webtiles) character file.

Game seed: 6726209669029286335

12663 ANNNA the Thaumaturge (level 11, -4/56 HPs)
             Began as a Deep Elf Venom Mage on Dec 11, 2020.
             Was a Priest of Sif Muna.
             Slain by a spiny frog (20 damage)
             ... on level 2 of the Lair of Beasts.
             The game lasted 00:55:11 (15167 turns).

ANNNA the Thaumaturge (Deep Elf Venom Mage)        Turns: 15167, Time: 00:55:11

Health: -4/56      AC: 11    Str: 15    XL:     11   Next: 65%
Magic:  43/48      EV: 13    Int: 21    God:    Sif Muna [***...]
Gold:   657        SH:  5    Dex: 19    Spells: 23/36 levels left

rFire    . . .     SeeInvis .   U - +11 dagger of Wunwual {vorpal, Str+7 Dex+4}
rCold    . . .     Gourm    .   (no shield)
rNeg     . . .     Faith    .   C - +0 swamp dragon scales
rPois    +         Spirit   .   e - +0 helmet
rElec    .         Reflect  +   q - +0 cloak
rCorr    .         Harm     .   f - +0 pair of gloves
MR       +....                  (no boots)
Stlth    ++........             R - amulet of reflection
HPRegen  0.18/turn              w - ring of magical power
MPRegen  0.31/turn              E - ring of magical power

@: no status effects
A: no striking features
a: Channel Magic, Forget Spell, Renounce Religion


You were on level 2 of the Lair of Beasts.
You worshipped Sif Muna.
Sif Muna was most pleased with you.
You were not hungry.

You visited 3 branches of the dungeon, and saw 13 of its levels.

You collected 747 gold pieces.
You spent 90 gold pieces at shops.

Inventory:

Hand Weapons
 M - the +10 rapier "Woatyer" {protect, Dex+2}
   (You found it on level 10 of the Dungeon)

   It grants its wielder temporary protection when it strikes (+7 to AC).
   It affects your dexterity (+2).
 N - the cursed +1 mace of Heamn {freeze, rF+ Str+4, unknown}
   (You found it on level 9 of the Dungeon)

   It has been specially enchanted to freeze those struck by it, causing extra
   injury to most foes and up to half again as much damage against particularly
   susceptible opponents.
   It can also slow down cold-blooded creatures.
   It affects your strength (+4).
   It protects you from fire.
   It has a curse placed upon it.
 O - the +6 shillelagh "Devastator" {shatter}
   (You found it on level 9 of the Dungeon)
 U - the +11 dagger of Wunwual (weapon) {vorpal, Str+7 Dex+4}
   (You found it on level 10 of the Dungeon)

   It inflicts extra damage upon your enemies.
   It affects your strength (+7).
   It affects your dexterity (+4).
 V - a +0 triple crossbow
 Z - the +8 hand crossbow "Tunoa" {venom, *Slow Str+4, unknown}
   (You found it on level 1 of the Lair of Beasts)

   It poisons the ammo it fires.
   It affects your strength (+4).
   It may slow you when you take damage.
Missiles
 k - 314 stones (quivered)
Armour
 e - a +0 helmet (worn)
 f - a +0 pair of gloves (worn)
 q - a +0 cloak (worn)
 C - +0 swamp dragon scales (worn)
Jewellery
 s - an uncursed amulet of faith
 w - a ring of magical power (left hand)
 A - an uncursed ring of positive energy
 E - a ring of magical power (right hand)
 H - an uncursed ring of see invisible
 R - an amulet of reflection (around neck)
Wands
 a - a wand of iceblast (7)
 i - a wand of disintegration (15)
 J - a wand of polymorph (12)
 Y - a wand of digging (5)
Scrolls
 g - 4 scrolls of amnesia {unknown}
 h - 14 scrolls of remove curse
 j - 5 scrolls of teleportation {unknown}
 m - 3 scrolls of magic mapping {unknown}
 o - 2 scrolls of fog {unknown}
 x - a scroll of enchant armour {unknown}
 D - a scroll of vulnerability {unknown}
 F - 5 scrolls of random uselessness
 G - a scroll of summoning {unknown}
 K - 2 scrolls of fear {unknown}
 S - a scroll of holy word {unknown}
 T - a scroll of blinking {unknown}
Potions
 d - 2 potions of brilliance {unknown}
 l - 4 potions of cancellation
 n - 4 potions of flight
 t - 2 potions of resistance {unknown}
 u - 7 potions of curing
 v - a potion of haste {unknown}
 z - 6 potions of heal wounds
 B - 3 potions of berserk rage {unknown}
 I - a potion of lignification {unknown}
 L - 2 potions of mutation {unknown}
 X - a potion of stabbing {unknown}
Comestibles
 c - 25 rations


   Skills:
 + Level 1.4 Fighting
 + Level 0.2 Short Blades
   Level 4.9 Staves
 + Level 2.9 Throwing
 + Level 3.5 Armour
 + Level 3.7 Dodging
 + Level 4.3 Stealth
 + Level 13.3 Spellcasting
 + Level 1.2 Conjurations
 + Level 6.0 Transmutations
 + Level 4.7 Fire Magic
 + Level 5.8 Air Magic
 + Level 10.5 Poison Magic


You had 23 spell levels left.
You knew the following spells:

 Your Spells              Type           Power        Failure   Level  Hunger
a - Sting                 Tmut/Pois      ####         1%          1    None
b - Poisonous Vapours     Pois/Air       #####.       1%          2    None
c - Ignite Poison         Fire/Tmut/Pois #####...     1%          3    None
d - Mephitic Cloud        Conj/Pois/Air  #####...     2%          3    None
e - Olgreb's Toxic Radia  Pois           ######..     1%          4    None

Your spell library contained the following spells:

 Spells                   Type           Power        Failure   Level  Hunger
 Summon Small Mammal      Summ           ##..         9%          1    None
 Call Imp                 Summ           ##......     14%         2    None
 Call Canine Familiar     Summ           ##......     26%         3    None
 Summon Guardian Golem    Hex/Summ       ##......     26%         3    None
 Summon Lightning Spire   Summ/Air       ####....     26%         4    None
 Summon Ice Beast         Ice/Summ       ##......     65%         4    None


Dungeon Overview and Level Annotations

Branches:
Dungeon (10/15)            Temple (1/1) D:4            Lair (2/6) D:9
  Snake (0/4) Lair:2          Orc (0/2) D:10
  Swamp: Lair:2-4    Shoals: Lair:2-4

Altars:
Ashenzari
Cheibriados
Dithmenos
Elyvilon
Fedhas
Gozag
Hepliaklqana
Kikubaaqudgha
Makhleb
Nemelex Xobeh
Okawaru
Qazlal
Ru
Sif Muna
Trog
Uskayaw
Vehumet
Wu Jian
Xom
Yredelemnul
Zin
The Shining One

Shops:
D:5 =   D:10 }

Annotations:
D:4 2 transporters, binko's ghost, amateur OpTm
D:5 1 runed translucent door, Gabide's ghost, novice HuAK
Lair:1 exclusion: oklob plant


Message History

The spiny frog closely misses you.
You closely miss the spiny frog.
The spiny frog is heavily wounded.
The spiny frog stings you!
You hit the spiny frog.
The spiny frog is severely wounded.
The spiny frog barely misses you.
You closely miss the spiny frog.
The spiny frog is severely wounded.
The spiny frog stings you! You block the spiny frog's attack.
You closely miss the spiny frog.
The spiny frog is severely wounded.
The spiny frog stings you!! The spiny frog stings you.
* * * LOW HITPOINT WARNING * * *
Found 15 gold pieces.
The spiny frog closely misses you.
Your magical contamination has completely faded away.
The spiny frog stings you!!
You die...

.........#.#P.....##...
..................## ...
..................# #..
...............#####...
#.............##.#P...
#.............P#......
#..$..................
####....F...............
...#....@................
....#....####.####.......
........##..≈.P≈.###.....
#.......#.P♣P.♣♣.P##.....
#......#P♣♣♣)♣♣.P#P.....
#......#♣P♣...♣.P#P.....
##...........>.........#.
........#≈≈♣...♣.≈#......
........#♣≈♣♣.♣♣♣≈#......


You could see a spiny frog.

Vanquished Creatures
  A centaur warrior (D:9)
  Sonja (Lair:1)
  An unseen horror (D:10)
  Maggie (D:8)
  2 spiny frogs
  A rime drake (Lair:2)
  A hornet (D:10)
  5 blink frogs (Lair:1)
  3 hippogriffs
  A wyvern (D:8)
  A human (D:7)
  7 yaks
  Eustachio (D:6)
  3 hogs (D:7)
  3 basilisks
  A naga (Lair:2)
  2 water moccasins
  2 porcupines
  A hornet zombie (D:7)
  2 orc warriors
  A sky beast (D:10)
  A necrophage (D:9)
  5 ice beasts
  3 centaurs
  2 crocodiles
  2 big kobolds
  19 bullfrogs
  A wyvern zombie (D:8)
  3 scorpions
  15 killer bees
  8 wights
  4 howler monkeys
  A bullfrog zombie (D:7)
  A centaur zombie (D:8)
  A quasit (D:8)
  7 orc priests
  4 hounds
  3 jellies
  2 bullfrog skeletons (D:4)
  Crazy Yiuf (D:2)
  3 iguanas
  8 orc wizards
  9 worker ants
  A howler monkey zombie (D:8)
  A howler monkey skeleton (D:8)
  A worker ant zombie (D:6)
  4 adders
  8 gnolls
  2 river rats (Lair:2)
  3 shadow imps
  An ooze (D:2)
  An adder zombie (D:9)
  An adder skeleton (D:4)
  4 worms
  2 dart slugs
  5 leopard geckos
  34 orcs
  8 bats
  8 giant cockroaches
  7 hobgoblins
  4 jackals (D:1)
  13 kobolds
  7 quokkas
  5 ball pythons
  A frilled lizard (D:4)
  8 goblins
  2 goblin skeletons (D:8)
  4 goblin zombies (D:8)
  3 hobgoblin zombies (D:8)
  A kobold zombie (D:8)
  A leopard gecko skeleton (D:4)
  2 orc zombies (D:8)
  12 rats
298 creatures vanquished.

Vanquished Creatures (others)
  A wizard (D:7)
1 creature vanquished.

Grand Total: 299 creatures vanquished

Notes
Turn   | Place    | Note
-------+----------+-------------------------------------------
     0 | D:1      | ANNNA the Deep Elf Venom Mage began the quest for the Orb.
     0 | D:1      | Reached XP level 1. HP: 10/10 MP: 6/6
   410 | D:1      | Reached XP level 2. HP: 15/15 MP: 5/8
   467 | D:1      | Learned a level 2 spell: Poisonous Vapours
  1545 | D:2      | Reached XP level 3. HP: 19/19 MP: 7/10
  1550 | D:2      | Learned a level 3 spell: Ignite Poison
  1554 | D:2      | Learned a level 3 spell: Mephitic Cloud
  2082 | D:2      | Found a runed translucent door.
  2083 | D:2      | Noticed Crazy Yiuf
  2282 | D:2      | Reached skill level 4 in Spellcasting
  2670 | D:2      | Killed Crazy Yiuf
  2670 | D:2      | Reached skill level 1 in Fire Magic
  2670 | D:2      | Reached skill level 1 in Air Magic
  2670 | D:2      | Reached XP level 4. HP: 24/24 MP: 6/12
  3089 | D:3      | Found a hazy altar of Hepliaklqana.
  3120 | D:3      | Reached XP level 5. HP: 28/28 MP: 7/13
  3126 | D:3      | Learned a level 4 spell: Olgreb's Toxic Radiance
  3576 | D:3      | Reached skill level 5 in Spellcasting
  4494 | D:4      | Found a staircase to the Ecumenical Temple.
  4508 | Temple   | Entered the Ecumenical Temple
  4938 | D:4      | Reached XP level 6. HP: 32/32 MP: 10/16
  5030 | D:4      | Reached skill level 1 in Staves
  5542 | D:4      | Reached skill level 6 in Spellcasting
  5722 | D:4      | Found a transporter.
  5725 | D:4      | Found a transporter.
  5725 | D:4      | Noticed binko's ghost (amateur OpTm)
  5877 | D:4      | Found a stormy altar of Qazlal.
  5893 | D:5      | Entered Level 5 of the Dungeon
  5907 | D:5      | Reached skill level 5 in Poison Magic
  6011 | D:5      | Reached XP level 7. HP: 35/36 MP: 13/19
  6102 | D:5      | Reached skill level 7 in Spellcasting
  6170 | D:5      | Found a runed translucent door.
  6172 | D:5      | Noticed Gabide's ghost (novice HuAK)
  6538 | D:5      | Found a shimmering blue altar of Sif Muna.
  6635 | D:5      | Became a worshipper of Sif Muna the Loreminder
  6644 | D:5      | Found Mashaceu's Jewellery Shoppe.
  6660 | D:5      | Got a translucent leather armour
  6661 | D:5      | Identified the +1 leather armour of Oblivion {rPois} (You
                  | found it on level 5 of the Dungeon)
  7269 | D:6      | Noticed Eustachio
  7274 | D:6      | Killed Eustachio
  7274 | D:6      | Reached XP level 8. HP: 42/42 MP: 2/21
  7685 | D:6      | Reached skill level 8 in Spellcasting
  8647 | D:7      | Reached skill level 1 in Armour
  8687 | D:7      | Noticed a hippogriff
  8691 | D:7      | Killed a hippogriff
  8691 | D:7      | Reached skill level 9 in Spellcasting
  9010 | D:7      | Reached XP level 9. HP: 40/46 MP: 24/24
  9085 | D:7      | Reached skill level 1 in Throwing
  9337 | D:7      | Found Zin's Purification Station.
  9339 | D:7      | Found a glowing silver altar of Zin.
  9342 | D:7      | Bought a potion of curing for 90 gold pieces
  9551 | D:7      | Found a bloodstained altar of Trog.
  9552 | D:7      | Noticed a wizard
  9558 | D:7      | Killed a wizard
  9624 | D:7      | Reached * piety under Sif Muna
  9625 | D:7      | Reached skill level 10 in Spellcasting
  9628 | D:7      | Reached skill level 1 in Fighting
 10743 | D:8      | Noticed Maggie
 10752 | D:8      | Killed Maggie
 10752 | D:8      | Reached XP level 10. HP: 52/52 MP: 26/26
 11110 | D:8      | Found a glowing golden altar of the Shining One.
 11133 | D:8      | Reached ** piety under Sif Muna
 11641 | D:9      | Found a white marble altar of Elyvilon.
 11771 | D:9      | Found a staircase to the Lair.
 12164 | D:9      | Noticed a centaur warrior
 12168 | D:9      | Killed a centaur warrior
 12168 | D:9      | Reached skill level 11 in Spellcasting
 12168 | D:9      | Reached skill level 1 in Conjurations
 12168 | D:9      | Reached skill level 5 in Transmutations
 12293 | D:9      | Found the +6 shillelagh "Devastator" {shatter}
 12306 | D:9      | Got a warped mace
 12536 | D:9      | Reached skill level 5 in Air Magic
 12654 | D:10     | Entered Level 10 of the Dungeon
 12688 | D:10     | Got a jewelled rapier
 12722 | D:10     | Killed an unseen horror
 12879 | D:10     | Got a fine dagger
 12884 | D:10     | Found a staircase to the Orcish Mines.
 12899 | D:10     | Identified the +10 rapier "Woatyer" {protect, Dex+2} (You
                  | found it on level 10 of the Dungeon)
 12900 | D:10     | Identified the +11 dagger of Wunwual {vorpal, Str+7 Dex+4}
                  | (You found it on level 10 of the Dungeon)
 12979 | D:10     | Found Jeer's Gadget Shop.
 13384 | Lair:1   | Entered Level 1 of the Lair of Beasts
 13466 | Lair:1   | Reached skill level 12 in Spellcasting
 13793 | Lair:1   | Reached XP level 11. HP: 56/56 MP: 29/29
 13796 | Lair:1   | Noticed Sonja
 14044 | Lair:1   | Reached *** piety under Sif Muna
 14076 | Lair:1   | Killed Sonja
 14246 | Lair:1   | Noticed an oklob plant
 14260 | Lair:1   | Reached skill level 13 in Spellcasting
 14614 | Lair:1   | Got a fine hand crossbow
 14786 | Lair:2   | Reached skill level 10 in Poison Magic
 15027 | Lair:2   | Found a staircase to the Snake Pit.
 15167 | Lair:2   | Slain by a spiny frog

Illustrated notes

Levels and vault maps discovered:
D:1:      dpeg_arrival_arbitrary_b, layout_basic, minmay_crystal_water,
          minmay_door_square, serial_bayou_pond_d
D:2:      layout_basic, first_ration, minmay_3d_cube, uniq_crazy_yiuf_cottage
D:3:      layout_basic, overflow_temple_1_default, lexackson_kobold_supper
D:4:      layout_cave_pools, kennysheep_mini, minmay_temple_entry_overgrown,
          gammafunk_ghost_mausoleum
D:5:      layout_loops_corners, lemuel_round_altar,
          ebering_ghost_reflecting_pool, serial_shops, shop,
          corexii_leaking_fountain, chequers_big_river
D:6:      layout_loops_corners, minmay_diced_spiral, uniq_eustachio
D:7:      layout_loops_ring, zin_purify, grunt_livestock, trog_wizard
D:8:      layout_basic, nicolae_tso_besieged_by_evil, uniq_maggie
D:9:      layout_gridville, elyvilon_altar_5, lair_entry_dummy,
          dk_noncrumbling_4, minmay_radiant
D:10:     layout_rooms, orc_0_dummy, serial_shops, shop_fountains
Temple:   eino_temple_scatter_basement
Lair:1:   layout_gridlike, minmay_lair_oklob_chamber, uniq_sonja
Lair:2:   layout_cave_shapes, guppyfry_snake_entry_garden, pond

Skill      XL: |  1  2  3  4  5  6  7  8  9 10 11 |
---------------+----------------------------------+-----
Poison Magic   | 4 5 6 8 9 10 | 10.5
Spellcasting   | 4 5 6 7 9 10 12 13 | 13.3
Fire Magic     | 1 2 3 4 |  4.7
Air Magic      | 1 2 3 4 5 |  5.8
Staves         | 1 2 3 4 |  4.9
Transmutations | 2 3 4 5 6 |  6.0
Stealth        | 3 4 |  4.3
Dodging        | 3 |  3.7
Armour         | 1 2 3 |  3.5
Throwing       | 1 2 |  2.9
Fighting       | 1 |  1.4
Conjurations   | 1 |  1.2
Short Blades   | |  0.2

Action                   |  1- 3 |  4- 6 |  7- 9 | 10-12 || total
-------------------------+-------+-------+-------+-------++-------
Melee: Short sword       |    10 |       |       |       ||    10
       Unarmed           |     2 |       |       |       ||     2
       Quarterstaff      |       |    21 |    69 |    86 ||   176
       Dagger            |       |       |       |    38 ||    38
Throw: Boomerang         |     1 |     2 |       |       ||     3
       Stone             |       |    11 |    12 |    57 ||    80
 Cast: Sting             |    40 |    22 |    31 |    22 ||   115
       Poisonous Vapours |    22 |    57 |    48 |    76 ||   203
       Ignite Poison     |     1 |    15 |    36 |    63 ||   115
       Olgreb's Toxic Ra |       |     1 |     6 |    16 ||    23
       Mephitic Cloud    |       |       |    11 |    10 ||    21
Evoke: Wand              |       |       |       |     1 ||     1
  Use: Scroll            |       |       |     4 |     4 ||     8
 Stab: Paralysed         |       |     1 |     1 |     3 ||     5
       Sleeping          |       |       |       |     1 ||     1
  Eat: Chunk             |     6 |    11 |    12 |    10 ||    39
       Ration            |       |       |     1 |     1 ||     2
Armor: Robe              |     7 |    10 |     1 |       ||    18
       Leather armour    |       |       |    20 |       ||    20
       Swamp dragon scal |       |       |       |    63 ||    63
Dodge: Dodged            |    20 |    21 |    43 |    83 ||   167
Block: Other             |       |       |       |     8 ||     8
       Reflection        |       |       |       |     1 ||     1
